 Dungeon Crawl Stone Soup version 0.28.0-43-g3370ac3207 (webtiles) character file.

Game seed: 17517192181274537960

765 smarlow the Sneak (level 7, -6/33 HPs)
             Began as a Vine Stalker Enchanter on Mar 17, 2022.
             Mangled by an ogre
             ... wielding a +0 giant spiked club
              (20 damage)
             ... on level 4 of the Dungeon.
             The game lasted 00:08:48 (4652 turns).

smarlow the Sneak (Vine Stalker Enchanter)          Turns: 4652, Time: 00:08:48

Health: -6/33      AC:  2    Str: 11    XL:     7   Next: 81%
Magic:  0/14       EV: 13    Int: 15    God:
Gold:   102        SH:  0    Dex: 16    Spells: 6/14 levels left

rFire   . . .      SeeInvis .   a - +1 dagger
rCold   . . .      Faith    .   (no shield)
rNeg    . . .      Spirit   +   b - +0 robe
rPois   .          Reflect  .   (no helmet)
rElec   .          Harm     .   (no cloak)
rCorr   .          Rampage  .   (no gloves)
Will    .....                   (no boots)
Stlth   +++.......              (no amulet)
HPRegen 0.91/turn               (no ring)
MPRegen 0.14/turn               (no ring)

@: no status effects
A: fangs 2, regeneration 1, magic shield, antimagic bite, no potion heal 2
a: no special abilities


You were on level 4 of the Dungeon.
You visited 1 branch of the dungeon, and saw 4 of its levels.
You also visited: Ossuary.

You collected 102 gold pieces.

Inventory:

Hand Weapons
 a - a +1 dagger (weapon)
Armour
 b - a +0 robe (worn)
Scrolls
 d - 4 scrolls of identify
 e - a scroll of blinking
 h - 4 scrolls of immolation
 k - a scroll of silence
 m - a scroll of summoning {unknown}
 o - a scroll of noise {unknown}
 p - a scroll of enchant armour {unknown}
Potions
 c - a potion of invisibility
 f - a potion of attraction {unknown}
 g - a potion of lignification {unknown}
 i - a potion of haste {unknown}
 j - 5 potions of curing {unknown}
 l - a potion of degeneration {unknown}
 n - a potion of brilliance {unknown}
 q - a potion of mutation {unknown}
 r - a potion of flight {unknown}


   Skills:
 + Level 1.4 Fighting
 + Level 3.0 Short Blades
 + Level 3.2 Dodging
 * Level 6.3 Stealth
 * Level 4.4 Spellcasting
 + Level 4.5 Hexes


You had 6 spell levels left.
You knew the following spells:

 Your Spells              Type           Power      Damage    Failure   Level
a - Ensorcelled Hibernat  Hex/Ice        20%        N/A       11%         2
b - Confusing Touch       Hex            16%        N/A       9%          3
c - Tukima's Dance        Hex            16%        N/A       9%          3

Your spell library contained the following spells:

 Spells                   Type           Power      Damage    Failure   Level
 Foxfire                  Conj/Fire      12%        2x1d4     17%         1
 Dazzling Flash           Conj/Hex       20%        N/A       21%         3
 Inner Flame              Hex/Fire       10%        N/A       21%         3
 Conjure Flame            Conj/Fire      3%         6-21      45%         3
 Flame Wave               Conj/Fire      3%         2d4       86%         4


Dungeon Overview and Level Annotations

Branches:
Dungeon (4/15)            Ossuary (visited)
 Temple: D:4-7

Altars:
The Shining One

Shops:
D:1 ?


Innate Abilities, Weirdness & Mutations

You have extremely sharp teeth.
Your natural rate of healing is unusually fast.
When hurt, damage is shared between your health and your magic reserves.
Your bite disrupts and absorbs the magic of your enemies.
Potions cannot restore your health.


Message History

The howler monkey hits you. The goblin barely misses you.
You hit the howler monkey. Your bite misses the howler monkey.
The howler monkey is moderately wounded.
The howler monkey closely misses you.
You closely miss the howler monkey. You bite the howler monkey.
You drain its power.
You feel invigorated.
The howler monkey is moderately wounded.
The goblin hits you with a +0 dagger.
The howler monkey hits you but does no damage.
You hit the howler monkey. Your bite misses the howler monkey.
The howler monkey is heavily wounded.
The howler monkey hoots and howls with incredible vigour!
The goblin hits you but does no damage.
You hit the howler monkey. Your bite misses the howler monkey.
The howler monkey is severely wounded.
The howler monkey hits you. The goblin hits you with a +0 dagger.
You hit the howler monkey. Your bite misses the howler monkey.
The howler monkey is severely wounded.
The howler monkey hits you. The goblin barely misses you.
You hit the howler monkey.
The howler monkey is almost dead.
The howler monkey barely misses you. The goblin completely misses you.
You closely miss the howler monkey. Your bite misses the howler monkey.
The howler monkey is almost dead.
The howler monkey hoots and howls with incredible vigour!
The goblin hits you but does no damage.
You hit the howler monkey.
You kill the howler monkey!
The goblin looks drowsy...
The helpless goblin fails to defend itself.
You impale the goblin!!
You kill the goblin!
You start resting.
Magic restored.
You climb downwards.
The ogre hits you with a +0 giant spiked club!!
Ouch! That really hurt!
The ogre hits you with a +0 giant spiked club!!
Ouch! That really hurt!
You die...

####### ###.....#
##....O..## ##.....@...#
##..........#
##...........# #
##............##### #
#........>......#.## #
##.................# #
#.................### ##
#......#............## ##8
##....'##....#.......###..


You could see an ogre.

Vanquished Creatures
  Sigmund (D:3)
  Menkaure (Ossuary)
  2 necrophages
  A scorpion (D:4)
  A howler monkey (D:3)
  Terence (D:2)
  3 mummies (Ossuary)
  4 adders (D:2)
  3 worms
  2 dart slugs
  6 orcs (D:3)
  4 endoplasms
  3 giant cockroaches
  6 goblins
  7 hobgoblins
  5 jackals
  5 kobolds
  A quokka (D:2)
  3 ball pythons (D:1)
  A bat (D:1)
  2 frilled lizards (D:1)
  8 gnoll skeletons (Ossuary)
  A gnoll zombie (Ossuary)
  3 goblin skeletons (Ossuary)
  3 goblin zombies (Ossuary)
  2 hobgoblin skeletons (Ossuary)
  7 hobgoblin zombies (Ossuary)
  5 kobold skeletons (Ossuary)
  5 kobold zombies (Ossuary)
  2 orc skeletons (Ossuary)
  5 orc zombies (Ossuary)
  4 rats
  5 rat skeletons (Ossuary)
  4 rat zombies (Ossuary)
116 creatures vanquished.

Notes
Turn   | Place    | Note
-------+----------+-------------------------------------------
     0 | D:1      | smarlow the Vine Stalker Enchanter began the quest for the
                  | Orb.
     0 | D:1      | Reached XP level 1. HP: 9/9 MP: 4/4
    20 | D:1      | Reached skill level 1 in Short Blades
    27 | D:1      | Found Acinox's Magic Scroll Boutique.
   352 | D:1      | Reached XP level 2. HP: 13/13 MP: 6/6
   385 | D:1      | Learned a level 2 spell: Ensorcelled Hibernation
   726 | D:1      | Found a faded altar of an unknown god.
   860 | D:1      | Reached skill level 4 in Stealth
   860 | D:1      | Reached XP level 3. HP: 12/16 MP: 0/7
  1473 | D:2      | Gained mutation: Your natural rate of healing is unusually
                  | fast. [Vine Stalker growth]
  1473 | D:2      | Reached XP level 4. HP: 21/21 MP: 7/9
  1574 | D:2      | Noticed Terence
  1852 | D:2      | Killed Terence
  2473 | D:3      | Reached XP level 5. HP: 14/24 MP: 7/10
  2600 | D:3      | Noticed Sigmund
  2610 | D:3      | Killed Sigmund
  2611 | D:3      | Reached skill level 5 in Stealth
  2611 | D:3      | Reached XP level 6. HP: 11/28 MP: 6/12
  2677 | D:3      | Learned a level 3 spell: Confusing Touch
  2681 | D:3      | Learned a level 3 spell: Tukima's Dance
  3423 | D:3      | Noticed a necrophage
  3446 | D:3      | Killed a necrophage
  3641 | D:4      | Noticed a necrophage
  3664 | D:4      | Killed a necrophage
  3665 | D:4      | Reached XP level 7. HP: 30/32 MP: 7/13
  3705 | D:4      | Found a sand-covered staircase.
  3710 | Ossuary  | Entered an ossuary
  4257 | Ossuary  | Noticed Menkaure
  4377 | Ossuary  | Killed Menkaure
  4378 | Ossuary  | Reached skill level 1 in Fighting
  4378 | Ossuary  | Reached skill level 6 in Stealth
  4482 | D:4      | Found a glowing golden altar of the Shining One.
  4652 | D:4      | Mangled by an ogre

Illustrated notes

Levels and vault maps discovered:
D:1:      dpeg_arrival_pond, layout_rooms, ebering_ecumenical_altar_abandoned,
          serial_glass, glass_columns_b, glass_columns_c, serial_shops, shop,
          minmay_unequal
D:2:      layout_loops_corners, uniq_terence
D:3:      layout_basic, kennysheep_generic_room_8, uniq_sigmund
D:4:      layout_cave_pods, nicolae_tso_carved_into_rock,
          minmay_temple_entry_hall, enter_ossuary_5, uniq_pikel,
          uniq_crazy_yiuf_cottage, uniq_eustachio, uniq_robin

Skill      XL: |  1  2  3  4  5  6  7 |
---------------+----------------------+-----
Short Blades   | 1 2 3 |  3.0
Stealth        | 4 5 6 |  6.3
Dodging        | 2 3 |  3.2
Spellcasting   | 3 4 |  4.4
Hexes          | 4 |  4.5
Fighting       | 1 |  1.4

Action                   |  1- 3 |  4- 6 |  7- 9 || total
-------------------------+-------+-------+-------++-------
Melee: Dagger            |    67 |   116 |   209 ||   392
       Bite              |    13 |    28 |    82 ||   123
       Punch             |     2 |     1 |     6 ||     9
 Cast: Ensorcelled Hiber |     4 |    25 |     1 ||    30
       Confusing Touch   |       |     2 |     9 ||    11
  Use: Scroll            |       |     4 |       ||     4
 Stab: Sleeping          |    10 |    15 |     3 ||    28
       Distracted        |     1 |       |       ||     1
       Confused          |       |       |     3 ||     3
Armor: Robe              |     7 |     8 |    25 ||    40
       Skin              |       |    12 |       ||    12
Dodge: Dodged            |    39 |    36 |   101 ||   176
